 Dungeon Crawl Stone Soup version 0.28.0-45-g0d030f2227 (webtiles) character file.

Game seed: 16920315850045376913

567 Gabide the Grave Robber (level 7, -2/50 HPs)
             Began as a Mummy Necromancer on Apr 3, 2022.
             Slain by a gnoll
             ... wielding a +0 spear
              (7 damage)
             ... on level 5 of the Dungeon.
             The game lasted 00:13:27 (6462 turns).

Gabide the Grave Robber (Mummy Necromancer)         Turns: 6462, Time: 00:13:28

Health: -2/50      AC:  3    Str: 12    XL:     7   Next: 11%
Magic:  2/15       EV: 16    Int: 16    God:
Gold:   206        SH:  0    Dex: 12    Spells: 4/17 levels left

rFire   x . .      SeeInvis .     - Unarmed
rCold   + . .      Faith    .   (no shield)
rNeg    + + +      Spirit   .   a - +0 robe
rPois   ∞          Reflect  .   (no helmet)
rElec   .          Harm     .   (no cloak)
rCorr   .          Rampage  .   f - +0 pair of gloves
Will    .....                   (no boots)
Stlth   ++........              e - amulet of regeneration
HPRegen 0.96/turn               b - ring of wizardry
MPRegen 0.14/turn               g - +4 ring of evasion

@: no status effects
A: cold resistance 1, negative energy resistance 3, torment resistance 2, heat
vulnerability 1, no potions
a: no special abilities


You were on level 5 of the Dungeon.
You visited 1 branch of the dungeon, and saw 5 of its levels.

You collected 206 gold pieces.

Inventory:

Armour
 a - a +0 robe (worn)
 f - a +0 pair of gloves (worn)
Jewellery
 b - a ring of wizardry (left hand)
 e - an amulet of regeneration (around neck)
 g - a +4 ring of evasion (right hand)
 h - a ring of wizardry
 i - a +6 ring of strength
Scrolls
 c - a scroll of noise
 d - 4 scrolls of identify


   Skills:
 * Level 2.0 Fighting
 * Level 2.8 Dodging
 + Level 1.6 Stealth
 + Level 1.2 Unarmed Combat
 * Level 5.9 Spellcasting
 * Level 6.0 Necromancy


You had 4 spell levels left.
You knew the following spells:

 Your Spells              Type           Power      Damage    Failure   Level
a - Pain                  Necr           96%        1d8       1%          1
b - Vampiric Draining     Necr           24%        2d7       1%          3
c - Animate Dead          Necr           12%        N/A       4%          4
d - Agony                 Necr           24%        N/A       13%         5

Your spell library contained the following spells:

 Spells                   Type           Power      Damage    Failure   Level
 Animate Skeleton         Necr           48%        N/A       1%          1
 Portal Projectile        Hex/Tloc       8%         N/A       16%         3
 Excruciating Wounds      Necr           12%        N/A       13%         5
 Blade Hands              Tmut           Unusable   N/A       N/A         5

Dungeon Overview and Level Annotations

Branches:
Dungeon (5/15)             Temple (0/1) D:4

Altars:
Elyvilon
Fedhas
Nemelex Xobeh
Vehumet
Zin

Shops:
D:1 [   D:5 :

Annotations:
D:3 Grinder
D:4 exclusion: oklob sapling


Innate Abilities, Weirdness & Mutations

You are immune to poison.
Your flesh is cold resistant. (rC+)
You are immune to negative energy. (rN+++)
You are immune to unholy pain and torment.
You are vulnerable to heat. (rF-)
You do not drink.


Message History

The gnoll shaman misses you.
You hit the gnoll shaman.
The gnoll shaman is almost dead.
The gnoll closely misses you.
The gnoll shaman hits you with a +0 club.
* * * LOW HITPOINT WARNING * * *
Your orc zombie hits the gnoll with a +0 short sword.
The gnoll hits you from afar with a +0 spear.
* * * LOW HITPOINT WARNING * * *
You aren't carrying any items that you can evoke.
Okay, then.
The orc wizard casts a spell.
The orc wizard flickers and vanishes!
Deactivating autopickup; reactivate with Ctrl-A.
Your orc zombie barely misses the gnoll.
Your orc zombie hits the gnoll with a +0 short sword.
The gnoll shaman calls upon its god to heal the gnoll.
The gnoll's wounds heal themselves!
Aiming: Pain (safe; 1% risk of failure)
Press: ? - help, Q - select action, (/) - cycle Shift-Dir - straight line, f/p - gnoll shaman
Aim: a gnoll shaman, wielding a +0 club and wearing a +0 robe (almost dead, ally target, chance to affect: 83%)
The gnoll shaman writhes in agony!
You kill the gnoll shaman!
The gnoll hits you but does no damage.
Your orc zombie barely misses something.
The gnoll hits you from afar with a +0 spear.
* * * LOW HITPOINT WARNING * * *
Your Unarmed Combat skill increases to level 1!
The gnoll throws a throwing net.
The throwing net completely misses you. The gnoll barely misses you.
There is an open door here.
The gnoll closely misses you. The gnoll hits you with a +0 whip!
* * * LOW HITPOINT WARNING * * *
The gnoll completely misses you. The gnoll barely misses you.
The gnoll misses you. The gnoll misses you. The gnoll hits you with a +0 whip!
* * * LOW HITPOINT WARNING * * *
The gnoll hits you from afar with a +0 spear!
You die...

.......#......########...#.......
.......#......##....##...#.......
.......#.............#...#.......
<......#.....g......##...#.......
.......#............######.......
.......#............#....#.......
#......#.......g....#....#.......
#......#......##g...'....#.......
#....>.#########@...#.(..#.......
#......+......##...###'###.......
#......#......##...#.............
+......#...........#.............
#......#...........+......#..'###
#......#...........#......##'#...
.......#########...#......'#_#...
...............#...#......####.(.
...............#+###......#......


You could see 3 gnolls.

Vanquished Creatures
  A scorpion (D:5)
  A jelly (D:4)
  A bullfrog skeleton (D:5)
  A gnoll shaman (D:5)
  Terence (D:3)
  2 iguanas (D:5)
  A scorpion zombie (D:5)
  A hound skeleton (D:4)
  6 adders
  An ufetubus (D:5)
  2 worms
  3 dart slugs
  11 orcs
  5 ball pythons
  9 endoplasms
  4 giant cockroaches
  6 goblins
  5 hobgoblins
  6 jackals
  8 kobolds
  2 quokkas (D:1)
  7 bats (D:1)
  A frilled lizard (D:1)
  4 rats
89 creatures vanquished.

Vanquished Creatures (collateral kills)
  A phantom (D:5)
  A water moccasin skeleton (D:4)
  A bullfrog skeleton (D:5)
3 creatures vanquished.

Vanquished Creatures (others)
  14 plants (D:4)
14 creatures vanquished.

Grand Total: 106 creatures vanquished

Notes
Turn   | Place    | Note
-------+----------+-------------------------------------------
     0 | D:1      | Gabide the Mummy Necromancer began the quest for the Orb.
     0 | D:1      | Reached XP level 1. HP: 13/13 MP: 4/4
   412 | D:1      | Reached XP level 2. HP: 20/20 MP: 3/5
   856 | D:1      | Found a faded altar of an unknown god.
   998 | D:1      | Reached XP level 3. HP: 7/25 MP: 0/7
  1942 | D:1      | Found Evuoc's Armour Boutique.
  2038 | D:1      | Learned a level 3 spell: Vampiric Draining
  2965 | D:2      | Reached XP level 4. HP: 30/31 MP: 3/9
  3269 | D:3      | Reached skill level 1 in Fighting
  3359 | D:3      | Reached skill level 5 in Necromancy
  3461 | D:3      | Noticed Grinder
  3732 | D:3      | Noticed Terence
  3741 | D:3      | Killed Terence
  3989 | D:5      | Entered Level 5 of the Dungeon
  4035 | D:4      | Reached XP level 5. HP: 18/37 MP: 0/11
  4211 | D:4      | Learned a level 4 spell: Animate Dead
  4276 | D:4      | Found a sparkling altar of Nemelex Xobeh.
  4323 | D:4      | Found a staircase to the Ecumenical Temple.
  4698 | D:4      | Reached skill level 5 in Spellcasting
  4923 | D:4      | Noticed a phantom
  5391 | D:4      | Learned a level 5 spell: Agony
  5480 | D:5      | Reached XP level 6. HP: 22/44 MP: 0/14
  5870 | D:5      | Found a blossoming altar of Fedhas.
  5874 | D:5      | Found Awem's Book Shop.
  6341 | D:5      | Found a radiant altar of Vehumet.
  6354 | D:5      | Reached skill level 6 in Necromancy
  6354 | D:5      | Reached XP level 7. HP: 50/50 MP: 11/15
  6451 | D:5      | Reached skill level 1 in Unarmed Combat
  6462 | D:5      | Slain by a gnoll

Illustrated notes

Levels and vault maps discovered:
D:1:      dpeg_arrival_arbitrary_a, layout_basic, serial_shops, shop_statue,
          ebering_ecumenical_altar_mist, minmay_tetromino_o4
D:2:      minmay_wonky_spiral, layout_loops_cross, basic_altar
D:3:      layout_rooms, marbit_many_paths, uniq_terence, uniq_grinder
D:4:      layout_rooms, nemelex_altar_shiori, minmay_temple_entry_oklob,
          st_stairs_2, chequers_mini_garden, minmay_crossroads
D:5:      layout_gridville, fedhas_altar_1, kennysheep_mini, serial_shops,
          nicolae_shop_crystal

Skill      XL: |  1  2  3  4  5  6  7 |
---------------+----------------------+-----
Spellcasting   | 3 4 5 |  5.9
Fighting       | 1 2 |  2.0
Necromancy     | 5 6 |  6.0
Dodging        | 2 |  2.8
Unarmed Combat | 1 |  1.2
Stealth        | |  1.6

Action                   |  1- 3 |  4- 6 |  7- 9 || total
-------------------------+-------+-------+-------++-------
Melee: Unarmed           |    34 |   125 |     5 ||   164
       Punch             |       |     1 |       ||     1
 Cast: Pain              |    99 |    71 |    14 ||   184
       Vampiric Draining |       |    13 |       ||    13
       Animate Dead      |       |     8 |     1 ||     9
  Use: Scroll            |       |     1 |       ||     1
Armor: Robe              |    16 |    46 |     1 ||    63
Dodge: Dodged            |    49 |   181 |    20 ||   250
